 Dungeon Sprint DCSS version 0.19-a0-1057-g15bb84d (webtiles) character file.

25 Kidiri the Sneak (level 2, -2/14 HPs)
             Began as a Spriggan Enchanter on Aug 2, 2016.
             Was an Initiate of Okawaru.
             Slain by an ufetubus (5 damage)
             ... in the Dungeon (Sprint VII: "The Pits").
             The game lasted 00:01:19 (160 turns).

Kidiri the Sneak (Spriggan Enchanter)                Turns: 160, Time: 00:01:19

Health: -2/14      AC:  3    Str:  4    XL:     2   Next: 82%
Magic:  6/8        EV: 20    Int: 16    God:    Okawaru [......]
Gold:   0          SH:  0    Dex: 16    Spells: 2 memorised, 6 levels left

rFire  . . .     SeeInvis +     a - +2 dagger
rCold  . . .     Gourm    .     b - +1 robe
rNeg   . . .     Faith    .     (shield restricted)
rPois  .         Spirit   .     (helmet restricted)
rElec  .         Dismiss  .     (no cloak)
rCorr  .         Reflect  .     (gloves unavailable)
SustAt .         Harm     .     (boots unavailable)
MR     .....     NoTele   +     (no amulet)
Stlth  ++++......               (no ring)
                                (no ring)

@: very slightly contaminated, very quick, not resistant to hostile
enchantments, stealthy
A: unfitting armour, see invisible, herbivore 3, speed 3, slow metabolism 2
a: Renounce Religion


You were in the Dungeon.
You worshipped Okawaru.
Okawaru was noncommittal.
You were not hungry.

You visited 1 branch

Inventory:

Hand Weapons
 a - a +2 dagger (weapon)
Armour
 b - a +1 robe (worn)
Scrolls
 j - a scroll of blinking
 m - 3 scrolls of remove curse
 n - 5 scrolls of amnesia
 o - a scroll of summoning
Potions
 g - a potion of haste
 h - 4 potions of magic
 i - 3 potions of berserk rage
 l - 2 potions of invisibility
Books
 c - a book of Maledictions

   Spells                             Type                      Level
   a - Corona                         Hexes                        1
   b - Ensorcelled Hibernation        Hexes/Ice                    2
   c - Confuse                        Hexes                        3
   d - Tukima's Dance                 Hexes                        3
   e - Dazzling Spray                 Conjuration/Hexes            3
Comestibles
 d - 8 bread rations
 k - 40 fruits


   Skills:
 + Level 0.8 Fighting
 * Level 2.3 Short Blades
 + Level 0.8 Armour
 * Level 4.4 Dodging
 * Level 5.8 Stealth
 * Level 4.0 Spellcasting
 + Level 4.2 Hexes
 + Level 0.0 Ice Magic
 + Level 1.3 Invocations


You had 6 spell levels left.
You knew the following spells:

 Your Spells              Type           Power        Failure   Level  Hunger
a - Corona                Hex            ###....      3%          1    None
b - Ensorcelled Hibernat  Hex/Ice        #.....       12%         2    ##.....


Dungeon Overview and Level Annotations

Branches:
Dungeon (1/1)

Altars:
Ashenzari
Cheibriados
Dithmenos
Elyvilon
Fedhas
Gozag
Kikubaaqudgha
Makhleb
Nemelex Xobeh
Okawaru
Pakellas
Qazlal
Ru
Sif Muna
Trog
Vehumet
Xom
Yredelemnul
Zin
The Shining One
Beogh
Jiyva
Lugonu


Innate Abilities, Weirdness & Mutations

You are tiny and cannot use many weapons and most armour.
You have supernaturally acute eyesight. (SInv)
You are a herbivore.
You cover ground extremely quickly.
You need consume almost no food.


Message History

The ufetubus is heavily wounded.
The ufetubus hits you. The ufetubus barely misses you.
You closely miss the ufetubus.
The ufetubus is heavily wounded.
The ufetubus barely misses you. The ufetubus misses you.
The ufetubus hits you. x2
You hit the ufetubus but do no damage.
The ufetubus is moderately wounded.
The ufetubus misses you. The ufetubus hits you.
You hit the ufetubus but do no damage.
The ufetubus is moderately wounded.
The ufetubus completely misses you. The ufetubus misses you.
Casting: Ensorcelled Hibernation
Confirm with . or Enter, or press ? or * to list all spells.
Aiming: Corona
Press: ? - help, Shift-Dir - straight line, f/p - orc
Aim: an orc, wielding a hand axe (chance to defeat MR: 85%)
The ufetubus struggles to resist.
The ufetubus hits you.
* * * LOW HITPOINT WARNING * * *
The ufetubus completely misses you. x2; The ufetubus hits you.
You die...

############
#__________#
#__________#
#_#####+##############++
#_#)))+.+%.##...........
#_#)))#.#?(##......#..#.
#######+#####...........
#.......o5@%'...........
#+#####'#####......#..#.
#..#..# #...........
#..'..# ####+#####++
#..#### #.......# #..
#.......# #.. #.......#
##+ #...<...# #.......#


You could see an orc and an ufetubus.

Vanquished Creatures
  A worker ant (D)
  A giant cockroach (D)
  A giant gecko zombie (D)
  A jackal skeleton (D)
4 creatures vanquished.

Notes
Turn   | Place    | Note
-------+----------+-------------------------------------------
     0 | D        | Kidiri the Spriggan Enchanter began the quest for the Orb.
     0 | D        | Reached XP level 1. HP: 9/9 MP: 5/5
    52 | D        | Found a sacrificial altar of Ru.
    52 | D        | Found a basalt altar of Yredelemnul.
    52 | D        | Found a shadowy altar of Dithmenos.
    52 | D        | Found a deep blue altar of Sif Muna.
    52 | D        | Found a burning altar of Makhleb.
    52 | D        | Found a shimmering altar of Xom.
    52 | D        | Found an ancient bone altar of Kikubaaqudgha.
    52 | D        | Found a sparkling altar of Nemelex Xobeh.
    53 | D        | Found a glowing golden altar of the Shining One.
    53 | D        | Found a bloodstained altar of Trog.
    53 | D        | Found a shattered altar of Ashenzari.
    53 | D        | Found a white marble altar of Elyvilon.
    53 | D        | Found a snail-covered altar of Cheibriados.
    53 | D        | Found a blossoming altar of Fedhas.
    53 | D        | Found a radiant altar of Vehumet.
    53 | D        | Found a glowing silver altar of Zin.
    53 | D        | Found a corrupted altar of Lugonu.
    53 | D        | Found a viscous altar of Jiyva.
    53 | D        | Found a roughly hewn altar of Beogh.
    53 | D        | Found an iron altar of Okawaru.
    54 | D        | Found an oddly glowing altar of Pakellas.
    59 | D        | Found a stormy altar of Qazlal.
    60 | D        | Found an opulent altar of Gozag.
    62 | D        | Became a worshipper of Warmaster Okawaru
    81 | D        | Noticed a worker ant
   102 | D        | Killed a worker ant
   102 | D        | Reached skill level 5 in Stealth
   102 | D        | Reached skill level 1 in Invocations
   102 | D        | Reached XP level 2. HP: 12/14 MP: 4/8
   113 | D        | Learned a level 2 spell: Ensorcelled Hibernation
   160 | D        | Slain by an ufetubus

Vault maps used:
D:        pitsprint

Skill      XL: |  1 |
---------------+----+-----
Spellcasting   | 4 |  4.0
Short Blades   | 2 |  2.3
Dodging        | 4 |  4.4
Stealth        | 5 |  5.8
Hexes          | 4 |  4.2
Invocations    | 1 |  1.3
Fighting       | |  0.8
Armour         | |  0.8

Action                   || total
-------------------------++-------
Melee: Dagger            ||    29
 Cast: Corona            ||     4
  Use: Potion            ||     2
 Stab: Sleeping          ||     1
Armor: Robe              ||     6
Dodge: Dodged            ||    37
